AoeStats
← seabed

African Clearing

510575250Analyzed
4v4 RM · 8h ago on Oct 1, 2026· 18m 50s· 8 players
Game mode
Random Map
Map size
Large (8 player)
Population
200
Speed
Normal
Resources
Standard
Victory
Conquest
Starting age
Dark Age
Ending age
Imperial Age
RankedLock teamsTeams togetherTeam positionsShared explorationLock speedFull tech treeHidden civsTurbo modeCheats
Victory
Defeat
🇨🇳 Varangians · China
1518
+12
🇨🇳 Franks · China
1471
+14
🇨🇳 Armenians · China
1423
+16
🇦🇷 Vietnamese · Argentina
1393
+16
🇬🇧 Saxons · United Kingdom
1460
-16
🇹🇷 Franks · Türkiye
1428
-15
🇺🇸 Japanese · United States
1397
-14
🇺🇸 Britons · United States
1383
-13
都挺好
4:26 Loom
13:05 Feudal Age
17:31 Castle Age
16:21 Double-Bit Axe
17:06 Horse Collar
seabed
11:31 Loom
13:38 Feudal Age
14:34 Double-Bit Axe
17:35 Castle Age
16:49 Scale Barding Armor
18:38 Bow Saw
小鸡
10:09 Loom
14:50 Feudal Age
18:23 Castle Age
16:20 Double-Bit Axe
19:28 Bow Saw
妈妈。
10:11 Loom
13:04 Feudal Age
13:08 Man-at-Arms
13:52 Long Swordsman
17:04 Double-Bit Axe
Non faux pa
13:39 Feudal Age
13:25 Loom
13:56 Man-at-Arms
15:15 Arson
18:09 Scale Mail Armor
Rhythm_
8:51 Loom
13:07 Feudal Age
17:05 Castle Age
15:16 Double-Bit Axe
15:11 Horse Collar
18:42 Bow Saw
Lucky7
14:01 Feudal Age
17:46 Castle Age
15:43 Double-Bit Axe
17:26 Gold Mining
18:52 Wheelbarrow
18:06 Loom
18:57 Wheelbarrow
18:50 Bow Saw
Locke
10:47 Loom
13:34 Feudal Age
17:35 Castle Age
15:24 Double-Bit Axe
18:53 Bow Saw
Connection lost

Rejoining the realm…

Still unreachable

The connection could not be restored.

Session expired

The server has moved on; the page needs a fresh start.